 Dungeon Crawl Stone Soup version 0.27-a0-819-g058290f16d (webtiles) character file.

Game seed: 6754237297786946306

1 jasper the Sneak (level 1, 0/18 HPs)
             Began as a Demonspawn Delver on Mar 29, 2021.
             Slain by a hobgoblin (6 damage)
             ... on level 4 of the Dungeon.
             The game lasted 00:00:27 (116 turns).

jasper the Sneak (Demonspawn Delver)                 Turns: 116, Time: 00:00:27

Health: 0/18       AC:  3    Str: 12    XL:     1   Next: 16%
Magic:  1/1        EV: 11    Int: 11    God:
Gold:   0          SH:  0    Dex: 14    Spells: 0/0 levels left

rFire    . . .     SeeInvis .   a - +0 hand axe
rCold    . . .     Faith    .   (no shield)
rNeg     . . .     Spirit   .   b - +0 leather armour
rPois    .         Reflect  .   (no helmet)
rElec    .         Harm     .   (no cloak)
rCorr    .         Rampage  .   (no gloves)
Will     .....                  (no boots)
Stlth    ++........             (no amulet)
HPRegen  0.06/turn              (no ring)
MPRegen  0.07/turn              (no ring)

@: hasted (expiring), very quick
A: no striking features
a: no special abilities


You were on level 4 of the Dungeon.
You visited 1 branch of the dungeon, and saw 2 of its levels.

Inventory:

Hand Weapons
 a - a +0 hand axe (weapon)
Armour
 b - a +0 leather armour (worn)
Wands
 g - a wand of digging (2)
Scrolls
 c - a scroll of fog
 d - a scroll of magic mapping
 e - a scroll of fear
Potions
 h - a potion of heal wounds {unknown}


   Skills:
 + Level 3.0 Fighting
 * Level 1.8 Axes
 + Level 0.0 Armour
 + Level 1.8 Dodging
 - Level 4.5 Stealth


You couldn't memorise any spells.
You didn't know any spells.
Your spell library was empty.

Dungeon Overview and Level Annotations

Branches:
Dungeon (5/15)
 Temple: D:4-7

Altars:


Message History

The orc is moderately wounded.
You hear a shout!
The orc hits you but does no damage.
You closely miss the orc.
The orc is moderately wounded.
The orc completely misses you.
You feel yourself speed up. The orc hits you with a +0 flail.
You take 3 damage, and have 7/18 hp.
Found a stone staircase leading down.
There is a stone staircase leading down here.
An orc wizard comes into view. It is wielding a +0 dagger.
The orc shouts!
You hear a shout! x2
Okay, then.
Aiming: Dig
Press: ? - help, Shift-Dir - straight line A rock wall.
The rock shatters into small pieces.
The orc wizard shouts!
The orc wizard gestures at itself while chanting.
The orc wizard flickers and vanishes!
Deactivating autopickup; reactivate with Ctrl-A.
An orc comes into view. It is wielding a +0 trident.
A hobgoblin comes into view.
The hobgoblin shouts!
The hobgoblin barely misses you.
You hit the hobgoblin but do no damage. You barely miss the hobgoblin.
The hobgoblin hits you but does no damage.
You hit the hobgoblin.
The hobgoblin is moderately wounded.
The hobgoblin completely misses you.
You barely miss the hobgoblin.
The hobgoblin is moderately wounded.
The hobgoblin hits you.
You take 3 damage, and have 6/18 hp.
You hit the hobgoblin.
The hobgoblin is almost dead.
Your extra speed is starting to run out.
The hobgoblin hits you.
You die...

###############
#....g@....o..#
#############.#
#.o....# #.#
#.####.# #.#
#.# #.# #.# #o#
#o# #.# #.# #.#
##.# #O# ##.#
#.o# #†# #>.#
#.##


You could see an orc and a hobgoblin.

Vanquished Creatures
  A giant cockroach (D:4)
1 creature vanquished.

Notes
Turn   | Place    | Note
-------+----------+-------------------------------------------
     0 | D:5      | jasper the Demonspawn Delver began the quest for the Orb.
     0 | D:5      | Reached XP level 1. HP: 18/18 MP: 1/1
    33 | D:5      | Noticed a water moccasin zombie
    65 | D:4      | Noticed an ogre
    86 | D:4      | Noticed an orc wizard
   116 | D:4      | Slain by a hobgoblin

Illustrated notes

Levels and vault maps discovered:
D:4:      lemuel_castle_with_subvaults [lemuel_castle_interior_carwin_3],
          layout_loops_ring, uniq_pikel, uniq_ijyb
D:5:      layout_loops_ring, serial_glass, glass_columns_a, glass_columns_a,
          uniq_blork_the_orc

Action                   || total
-------------------------++-------
Melee: Hand axe          ||    13
Evoke: Wand              ||     1
  Use: Potion            ||     1
Armor: Leather armour    ||     6
Dodge: Dodged            ||     9

Table legend: (Time is in decaauts)
 A = Elapsed time spent in this place.
 B = Non-inter-level travel time spent in this place.
 C = Inter-level travel time spent in this place.
 D = Time resting spent in this place.
 E = Time spent auto-exploring this place.
 F = Levels seen in this place.
 G = Mean time per level.
                   A        B        C        D        E       F      G
               +--------+--------+--------+--------+--------+-----+--------+
         Total |    102 |    102 |      0 |      0 |     32 |   2 |   51.0 |
       Dungeon |    102 |    102 |      0 |      0 |     32 |   2 |   51.0 |
               +--------+--------+--------+--------+--------+-----+--------+

Top non-repeatable levels by time:
     D:4: 54 daAuts
     D:5: 48 daAuts
